 Dungeon Crawl Stone Soup version 0.17-a0-1504-gb7d9117 (webtiles) character file.

2524 mrath the Covert (level 9, -1/56 HPs)
             Began as a Halfling Assassin on July 8, 2015.
             Was a Follower of Nemelex Xobeh.
             Slain by an orc warrior
             ... wielding a +0 mace
              (13 damage)
             ... on level 7 of the Dungeon on July 9, 2015.
             The game lasted 02:13:22 (7819 turns).

mrath the Covert (Halfling Assassin)                Turns: 7819, Time: 02:13:23

Health: -1/56      AC: 10    Str: 11    XL:     9   Next: 84%
Magic:  0/10       EV: 18    Int: 10    God:    Nemelex Xobeh [*.....]
Gold:   244        SH:  0    Dex: 19    Spells: 1 memorised, 7 levels left

rFire  . . .     SeeInvis .     l - +3 dagger (flame)
rCold  + . .     Clarity  .     V - +2 robe {rC+}
rNeg   + . .     SustAt   .     (shield restricted)
rPois  .         Gourm    .     Q - +0 helmet (curse)
rElec  .         Spirit   +     d - +0 cloak
rCorr  .         Warding  .     o - +0 pair of gloves
rMut   .         Stasis   .     (no boots)
MR     .....                    r - amulet of guardian spirit
Stlth  +++++.....               v - ring of positive energy
                                y - +3 ring of protection

@: not resistant to hostile enchantments, quite stealthy
A: mutation resistance 1
a: Renounce Religion


You were on level 7 of the Dungeon.
You worshipped Nemelex Xobeh.
Nemelex Xobeh was aware of your devotion.
You were not hungry.

You visited 2 branches of the dungeon, and saw 8 of its levels.

You collected 344 gold pieces.
You spent 100 gold pieces at shops.

Inventory:

Hand weapons
 b - a +1 blowgun
 k - a +1 falchion of electrocution
 l - a +3 dagger of flaming (weapon)
 D - the +7 shortbow "Aklol" {speed, +Inv rF+}
   (You found it on level 4 of the Dungeon)

   Attacks with this weapon are significantly faster.
   It protects you from fire.
   It lets you turn invisible.
 H - a +0 hunting sling
 I - a +0 war axe of chopping
 O - a +0 dagger of venom
 S - a +0 flail of protection
 T - a +1 whip of flaming
 Z - a +0 mace of protection
Missiles
 e - 47 poisoned needles
 f - 8 curare-tipped needles
 i - 18 sling bullets (quivered)
 j - 296 stones
 u - 48 arrows
 E - 29 bolts
Armour
 d - a +0 cloak (worn)
 o - a +0 pair of gloves (worn)
 P - a +1 robe of fire resistance
 Q - a cursed +0 helmet (worn)
 V - a +2 robe of cold resistance (worn)
Jewellery
 r - an amulet of guardian spirit (around neck)
 v - a ring of positive energy (right hand)
 y - a +3 ring of protection (left hand)
 U - a +4 ring of dexterity {unknown}
Magical devices
 A - a wand of slowing (18)
 J - a wand of draining (5)
 K - a wand of slowing (30)
 L - a wand of confusion (26)
 X - a wand of cold (2)
Scrolls
 n - 3 scrolls of teleportation
 q - a scroll of immolation {unknown}
 t - a scroll of fear
 w - 3 scrolls of remove curse
 B - a scroll of amnesia {unknown}
 C - 2 scrolls of recharging
 F - a scroll of magic mapping {unknown}
 M - 2 scrolls of identify
Potions
 m - 2 potions of curing
 x - a potion of flight {unknown}
 z - a potion of magic {unknown}
 N - a potion of brilliance
 W - a potion of haste
Books
 p - a book of Frost

   Spells                             Type                      Level
   a - Freeze                         Ice                          1
   b - Throw Frost                    Conjuration/Ice              2
   c - Ozocubu's Armour               Charms/Ice                   3
   d - Throw Icicle                   Conjuration/Ice              4
   e - Summon Ice Beast               Ice/Summoning                4
   f - Condensation Shield            Ice                          4
Comestibles
 a - 2 meat rations
 c - a chunk of flesh
 g - 2 bread rations


   Skills:
 + Level 3.0 Fighting
 + Level 5.2 Short Blades
 + Level 6.7 Bows
 + Level 8.4 Throwing
 + Level 5.1 Dodging
 + Level 9.0 Stealth
 + Level 1.7 Evocations


You had 7 spell levels left.
You knew the following spells:

 Your Spells              Type           Power        Failure   Level  Hunger
a - Freeze                Ice            #...         38%         1    ##.....


Dungeon Overview and Level Annotations

Branches:
Dungeon (7/15)             Temple (1/1) D:4

Altars:
Ashenzari
Cheibriados
Dithmenos
Elyvilon
Fedhas
Gozag
Kikubaaqudgha
Makhleb
Nemelex Xobeh
Okawaru
Qazlal
Ru
Sif Muna
Trog
Vehumet
Xom
Yredelemnul
Zin
The Shining One

Shops:
D:6 %


Innate Abilities, Weirdness & Mutations

You are small and have problems with some larger weapons.
You are somewhat resistant to further mutation.


Message History

The orc warrior is heavily wounded.
The orc warrior hits you with a mace.
* * * LOW HITPOINT WARNING * * *
You hit the orc warrior. You burn the orc warrior.
The orc warrior is heavily wounded.
The orc misses you. The orc warrior completely misses you.
You hit the orc warrior but do no damage.
The orc warrior is heavily wounded.
The orc closely misses you.
You hit the orc warrior. You burn the orc warrior.
The orc warrior is severely wounded.
Your aura of abjuration expires.
The orc warrior barely misses you. The orc misses you.
You hit the orc. You burn the orc.
You kill the orc!
You closely miss the orc. The orc warrior closely misses you.
You barely miss the orc. The orc barely misses you.
The orc warrior hits you with a mace!
You die...
Your body disappears without a glow.

#####...##.....#
...............#
...............#
...............+
...............#
...............#
###.##.รท###....#
# ##..###....#
+...o@.....+
#...o#.....#
####(####+## .(#
...+ +...# #...#
#<..# #..(#


You could see an orc warrior and an orc.

Vanquished Creatures
  Grinder (D:6)
  Menkaure (D:6)
  Duvessa (D:6)
  A water moccasin (D:6)
  An ice beast (D:5)
  A sky beast (D:5)
  A slave (D:6)
  A necrophage (D:5)
  An orc warrior (D:6)
  A centaur (D:5)
  An ogre (D:6)
  Blork the orc (D:6)
  2 giant frogs
  Dowan (D:6)
  2 scorpions
  A giant frog zombie (D:5)
  2 crimson imps (D:6)
  2 orc priests (D:4)
  4 hounds (D:6)
  2 centaur skeletons (D:6)
  A jelly (D:4)
  3 orc wizards
  A giant frog skeleton (D:5)
  4 worker ants
  A mummy (D:6)
  7 adders
  3 gnolls (D:4)
  A shadow imp (D:5)
  2 oozes
  2 worms (D:3)
  4 giant geckos
  15 orcs
  2 ball pythons
  A bat skeleton (D:5)
  4 giant cockroaches
  14 hobgoblins
  19 jackals
  2 quokkas
  13 bats
  A giant cockroach zombie (D:5)
  A giant gecko skeleton (D:4)
  4 giant newts
  18 goblins
  2 hobgoblin zombies (D:6)
  10 kobolds
  9 rats
172 creatures vanquished.

Vanquished Creatures (collateral kills)
  Pikel (D:6)
  Edmund (D:6)
  2 slaves (D:6)
  An orc (D:6)
  A hobgoblin (D:6)
  A kobold (D:6)
7 creatures vanquished.

Vanquished Creatures (others)
  A slave (D:6)
1 creature vanquished.

Grand Total: 180 creatures vanquished

Notes
Turn   | Place    | Note
--------------------------------------------------------------
     0 | D:1      | mrath the Halfling Assassin began the quest for the Orb.
     0 | D:1      | Reached XP level 1. HP: 14/14 MP: 1/1
   289 | D:1      | Reached XP level 2. HP: 14/19 MP: 2/2
   564 | D:1      | Reached skill level 5 in Stealth
   947 | D:1      | Reached XP level 3. HP: 24/24 MP: 3/3
  1236 | D:2      | Found a sparkling altar of Nemelex Xobeh.
  1292 | D:2      | Reached XP level 4. HP: 29/29 MP: 4/4
  2049 | D:3      | Reached XP level 5. HP: 34/34 MP: 5/5
  2260 | D:3      | Reached skill level 6 in Stealth
  2301 | D:3      | Found a white marble altar of Elyvilon.
  2518 | D:3      | Learned a level 1 spell: Freeze
  2770 | D:4      | Reached XP level 6. HP: 11/39 MP: 6/6
  3215 | D:4      | Got a crude shortbow
  3621 | D:4      | Reached skill level 5 in Throwing
  3826 | D:4      | Found a staircase to the Ecumenical Temple.
  3837 | Temple   | Entered the Ecumenical Temple
  3871 | Temple   | Became a worshipper of Nemelex Xobeh the Trickster
  3988 | D:4      | Reached XP level 7. HP: 38/45 MP: 7/7
  4330 | D:4      | Identified the +7 shortbow "Aklol" {speed, +Inv rF+} (You found it on level 4 of the Dungeon)
  4332 | D:5      | Entered Level 5 of the Dungeon
  4350 | D:5      | Received a gift from Nemelex Xobeh
  4398 | D:5      | Reached skill level 7 in Stealth
  4611 | D:5      | Reached skill level 1 in Bows
  5030 | D:5      | Reached XP level 8. HP: 51/51 MP: 8/8
  5371 | D:5      | Found a basalt altar of Yredelemnul.
  5659 | D:6      | Reached skill level 8 in Stealth
  5726 | D:6      | Noticed Menkaure
  5730 | D:6      | Noticed Pikel
  5799 | D:6      | Killed Menkaure
  5859 | D:6      | HP: 2/51 [orc warrior/mace (3)]
  6209 | D:6      | Reached XP level 9. HP: 51/55 MP: 9/9
  6210 | D:6      | Noticed Duvessa
  6216 | D:6      | Noticed Dowan
  6218 | D:6      | Killed Duvessa
  6218 | D:6      | Reached skill level 5 in Bows
  6229 | D:6      | Killed Dowan
  6355 | D:6      | Found a radiant altar of Vehumet.
  6451 | D:6      | Noticed Edmund
  6473 | D:6      | Killed Edmund
  6473 | D:6      | Reached skill level 1 in Evocations
  6604 | D:6      | Found Mumupim's Food Shoppe.
  6802 | D:6      | Killed Pikel
  6802 | D:6      | Reached skill level 5 in Dodging
  7321 | D:6      | Noticed Blork the orc
  7333 | D:6      | Killed Blork the orc
  7342 | D:6      | Reached skill level 5 in Short Blades
  7399 | D:6      | Noticed Grinder
  7403 | D:6      | Paralysed by Grinder for 2 turns
  7408 | D:6      | Paralysed by Grinder for 3 turns
  7430 | D:6      | Paralysed by Grinder for 6 turns
  7437 | D:6      | Killed Grinder
  7437 | D:6      | Reached skill level 9 in Stealth
  7730 | D:6      | Bought a meat ration for 50 gold pieces
  7730 | D:6      | Bought a meat ration for 50 gold pieces
  7819 | D:7      | Slain by an orc warrior

Vault maps used:
D:1:      dpeg_arrival_castle, dk_noncrumbling_2
D:2:      nemelex_dance_club_becter
D:3:      lemuel_coloured_pillars_altar
D:4:      minmay_temple_entry_statues_pillars, hex_large
D:5:      old_standard_altar, first_bread
D:6:      nicolae_overflow_hidden_temple, nicolae_ossuary_entry_giza,
          serial_shops, nicolae_shop_stone, serial_park_tiny_pond, hex_medium,
          uniq_menkaure, uniq_blork_the_orc, uniq_pikel, uniq_duvessa,
          uniq_grinder, uniq_edmund
D:7:      basic_altar, grunt_ogre_cave
Temple:   lightli_temple_of_artemis

Action                   |  1- 3 |  4- 6 |  7- 9 || total
-------------------------+-------+-------+-------++-------
Melee: Dagger            |    73 |   117 |   170 ||   360
 Fire: Blowgun           |    24 |    97 |    57 ||   178
       Shortbow          |       |       |   123 ||   123
Evoke: Deck              |       |       |     9 ||     9
       Wand              |       |       |     2 ||     2
  Use: Scroll            |     3 |     4 |     3 ||    10
       Potion            |       |     3 |     6 ||     9
 Stab: Sleeping          |    11 |    18 |    13 ||    42
       Distracted        |     1 |     2 |     4 ||     7
  Eat: Chunk             |     1 |     5 |     4 ||    10
       Bread ration      |       |     1 |     2 ||     3
       Pizza             |       |     1 |       ||     1
